 Dungeon Crawl Stone Soup version 0.27-a0-1184-ge86db4a01e (webtiles) character file.

Game seed: 16387063840120907802

2239 blank1 the Fighter (level 9, -4/82 HPs)
             Began as a Minotaur Fighter on May 19, 2021.
             Was a Believer of Okawaru.
             Slain by a killer bee (8 damage)
             ... on level 7 of the Dungeon.
             The game lasted 00:13:22 (5498 turns).

blank1 the Fighter (Minotaur Fighter)               Turns: 5498, Time: 00:13:22

Health: -4/82      AC: 11    Str: 23    XL:     9   Next: 14%
Magic:  10/10      EV: 11    Int:  5    God:    Okawaru [**....]
Gold:   325        SH: 15    Dex: 11    Spells: 8/8 levels left

rFire    . . .     SeeInvis .   a - +1 long sword
rCold    . . .     Faith    .   c - +0 kite shield
rNeg     . . .     Spirit   .   s - +0 chain mail
rPois    .         Reflect  +   (helmet restricted)
rElec    .         Harm     .   (no cloak)
rCorr    .         Rampage  .   y - +0 pair of gloves
Will     .....                  (no boots)
Stlth    ..........             i - amulet of reflection
HPRegen  0.23/turn              k - +4 ring of evasion
MPRegen  0.12/turn              (no ring)

@: lethally poisoned (-4 -> -11)
A: horns 2, retaliatory headbutt
a: Renounce Religion, Heroism


You were on level 7 of the Dungeon.
You worshipped Okawaru.
Okawaru was pleased with you.
You visited 1 branch of the dungeon, and saw 7 of its levels.
You also visited: Sewer.

You collected 325 gold pieces.

Inventory:

Hand Weapons
 a - a +1 long sword (weapon)
 m - a +0 great sword
Missiles
 j - 5 curare-tipped darts (quivered)
Armour
 c - a +0 kite shield (worn)
 s - a +0 chain mail (worn)
 y - a +0 pair of gloves (worn)
Jewellery
 i - an amulet of reflection (around neck)
 k - a +4 ring of evasion (left hand)
 v - a ring of fire
Wands
 A - a wand of iceblast (8)
 C - a wand of flame (12)
Scrolls
 b - a scroll of fear
 e - 2 scrolls of enchant weapon
 g - 3 scrolls of magic mapping
 l - a scroll of holy word {unknown}
 n - a scroll of fog
 q - 2 scrolls of amnesia {unknown}
 u - a scroll of teleportation
 x - 3 scrolls of identify
 z - a scroll of blinking {unknown}
 B - a scroll of vulnerability {unknown}
Potions
 d - a potion of might
 f - a potion of mutation
 h - a potion of flight {unknown}
 o - 4 potions of curing
 p - a potion of heal wounds {unknown}
 r - a potion of haste {unknown}
 t - 2 potions of brilliance {unknown}
 w - 2 potions of magic {unknown}


   Skills:
 + Level 8.8 Fighting
 - Level 8.0 Long Blades
 - Level 7.0 Armour
 - Level 4.0 Dodging
 + Level 5.5 Shields
 - Level 3.0 Invocations


You had 8 spell levels left.
You didn't know any spells.
Your spell library contained the following spells:

 Spells                   Type           Power      Damage    Failure   Level
 Corona                   Hex            0%         N/A       100%        1
 Ensorcelled Hibernation  Hex/Ice        0%         N/A       100%        2
 Poisonous Vapours        Pois/Air       0%         N/A       100%        2
 Confusing Touch          Hex            0%         N/A       100%        3
 Conjure Flame            Conj/Fire      0%         6-21      100%        3
 Dazzling Flash           Conj/Hex       0%         N/A       100%        3
 Mephitic Cloud           Conj/Pois/Air  0%         N/A       100%        3
 Tukima's Dance           Hex            0%         N/A       100%        3
 Freezing Cloud           Conj/Ice/Air   0%         6-21      100%        6


Dungeon Overview and Level Annotations

Branches:
Dungeon (7/15)             Temple (0/1) D:6           Sewer (visited)

Altars:
Fedhas
Gozag
Makhleb
Okawaru
Sif Muna
Trog
Yredelemnul

Shops:
D:5 !   D:6 *


Innate Abilities, Weirdness & Mutations

You have a pair of horns on your head.
You reflexively headbutt those who attack you in melee.


Message History

You closely miss the killer bee. Your headbutt misses the killer bee.
The killer bee is almost dead.
You feel sick. You block the killer bee's attack. x2
The killer bee stings you but does no damage.
The killer bee stings you.
* * * LOW HITPOINT WARNING * * *
The killer bee closely misses you.
Unknown command.
Unknown command.
You miss the killer bee. Your headbutt misses the killer bee.
The killer bee is almost dead.
You feel sick. You block the killer bee's attack. x2
The killer bee stings you but does no damage.
You block the killer bee's attack.
A howler monkey skeleton comes into view.
Unknown command.
You slash the killer bee!
You kill the killer bee!
Okawaru accepts your kill.
You feel sick. You block the killer bee's attack. The killer bee misses you.
You riposte.
You miss the killer bee.
The killer bee is severely wounded.
Unknown command.
You hit the killer bee. Your headbutt misses the killer bee.
The killer bee is almost dead.
You feel sick.
You are no longer poisoned.
The killer bee stings you.
* * * LOW HITPOINT WARNING * * *
You are poisoned.
The killer bee poisons you!
The killer bee stings you but does no damage.
The killer bee stings you!
* * * LOW HITPOINT WARNING * * *
You closely miss the killer bee.
The killer bee is almost dead.
* * * LOW HITPOINT WARNING * * *
You feel very sick. The killer bee stings you!
You die...

#.....#...##..##....#.
#.....#...###########.
#.....#........# #.
#.....#........# #.
#.....#........# #.
#.....'........+ #.
#.....#+#############.
#...y†# #...........
#...†@# +...........
#.:..†# #.........).
#.....# #......)...#
#.....# #.....)#####
#....... ........#....
#...Z............#..##
+................#..##
#................#...#
#... ........#...#


You could see a killer bee and a howler monkey skeleton.

Vanquished Creatures
  Eustachio (D:4)
  The ghost of Wyvernaa the Shield-Bearer, an amateur FoFi (D:4)
  2 water moccasins
  A hornet zombie (D:4)
  Purgy (Sewer)
  3 black bears
  2 necrophages
  A centaur (D:4)
  2 scorpions
  A water moccasin zombie (D:6)
  5 killer bees (D:7)
  A howler monkey (D:4)
  A bullfrog zombie (D:5)
  A centaur zombie (D:4)
  A jelly (D:3)
  2 orc priests
  A gnoll shaman (D:7)
  2 hounds (D:4)
  2 bullfrog skeletons
  An iguana (D:5)
  2 orc wizards (D:5)
  7 gnolls
  A howler monkey skeleton (D:6)
  8 adders
  An ufetubus (D:5)
  3 worms
  A dart slug (D:3)
  13 orcs
  2 bats
  10 endoplasms
  4 giant cockroaches (D:3)
  5 goblins
  5 hobgoblins
  5 jackals
  3 quokkas
  10 ball pythons
  A frilled lizard (D:2)
  7 kobolds
  9 rats
129 creatures vanquished.

Notes
Turn   | Place    | Note
-------+----------+-------------------------------------------
     0 | D:1      | blank1 the Minotaur Fighter began the quest for the Orb.
     0 | D:1      | Reached XP level 1. HP: 19/19 MP: 0/0
   167 | D:1      | Found a faded altar of an unknown god.
   327 | D:1      | Reached XP level 2. HP: 25/27 MP: 1/1
   871 | D:2      | Reached XP level 3. HP: 27/33 MP: 2/2
  1518 | D:3      | Found a glowing drain.
  1526 | D:3      | Reached XP level 4. HP: 40/40 MP: 3/3
  1531 | Sewer    | Entered a sewer
  1591 | Sewer    | Noticed Purgy
  1608 | Sewer    | Killed Purgy
  1609 | Sewer    | Reached skill level 5 in Fighting
  1609 | Sewer    | Reached skill level 5 in Long Blades
  1609 | Sewer    | Reached XP level 5. HP: 38/48 MP: 4/4
  1735 | D:3      | Reached skill level 1 in Dodging
  2148 | D:3      | Found a basalt altar of Yredelemnul.
  2174 | D:3      | Found an iron altar of Okawaru.
  2175 | D:3      | Found a shimmering blue altar of Sif Muna.
  2176 | D:3      | Found an opulent altar of Gozag.
  2186 | D:3      | Became a worshipper of Warmaster Okawaru
  2228 | D:3      | Found a blossoming altar of Fedhas.
  2426 | D:3      | Reached XP level 6. HP: 57/57 MP: 5/5
  2555 | D:4      | Noticed Eustachio
  2565 | D:4      | Killed Eustachio
  2779 | D:4      | Reached skill level 5 in Armour
  2779 | D:4      | Reached XP level 7. HP: 61/63 MP: 6/6
  2815 | D:4      | Found a bloodstained altar of Trog.
  2839 | D:4      | Reached skill level 1 in Invocations
  2988 | D:4      | Reached * piety under Okawaru
  3143 | D:4      | Found a runed translucent gate.
  3143 | D:4      | Found a runed translucent gate.
  3144 | D:4      | Found a runed translucent gate.
  3148 | D:4      | Noticed Wyvernaa's ghost (amateur FoFi)
  3300 | D:4      | Killed Wyvernaa's ghost
  3307 | D:4      | Reached XP level 8. HP: 50/73 MP: 9/9
  3455 | D:5      | Entered Level 5 of the Dungeon
  3519 | D:5      | Found Tuuxtaoz's Distillery.
  3913 | D:5      | Found a burning altar of Makhleb.
  4305 | D:6      | Found a staircase to the Ecumenical Temple.
  4372 | D:6      | Reached ** piety under Okawaru
  4402 | D:6      | Found Saapn's General Store.
  5160 | D:7      | Reached XP level 9. HP: 78/82 MP: 10/10
  5358 | D:7      | Reached skill level 5 in Shields
  5498 | D:7      | HP: 4/82 [poisoned by a killer bee]
  5498 | D:7      | Slain by a killer bee

Illustrated notes

Levels and vault maps discovered:
D:1:      amcnicky_arrival_gap_in_the_tavern_cellar, layout_basic,
          ebering_ecumenical_altar_sacrificial
D:2:      layout_basic
D:3:      layout_basic, nicolae_overflow_quartered_altars,
          nicolae_overflow_hidden_temple, cheibrodos_sewer_entry_drain,
          skrybe_limestone_x, minmay_misc_feat_five,
          minmay_misc_feat_more_columns
D:4:      layout_basic, nicolae_overflow_crystal_walls,
          gammafunk_ghost_necromancy, uniq_eustachio
D:5:      layout_loops_cross, kennysheep_mini_moat, serial_shops,
          nicolae_shop_statue_plus
D:6:      layout_cave_pools, minmay_temple_entry_ruins, serial_shops, shop
D:7:      layout_gridville

Skill      XL: |  1  2  3  4  5  6  7  8  9 |
---------------+----------------------------+-----
Shields        | 4 5 |  5.5
Armour         | 4 5 6 7 |  7.0
Fighting       | 4 5 6 7 8 |  8.8
Long Blades    | 3 4 5 6 8 |  8.0
Dodging        | 2 3 4 |  4.0
Invocations    | 3 |  3.0

Action                   |  1- 3 |  4- 6 |  7- 9 || total
-------------------------+-------+-------+-------++-------
Melee: Long sword        |    80 |   104 |   205 ||   389
       Headbutt          |    13 |    17 |    42 ||    72
  Use: Scroll            |     6 |     1 |     1 ||     8
       Potion            |       |       |     1 ||     1
Armor: Scale mail        |    16 |    31 |    17 ||    64
       Chain mail        |       |       |    74 ||    74
Dodge: Dodged            |    32 |    43 |   100 ||   175
Block: Kite shield       |    59 |   100 |   199 ||   358
       Reflection        |       |     1 |     3 ||     4
       Rpst.: Long sword |    11 |     9 |    31 ||    51

Table legend: (Time is in decaauts)
 A = Elapsed time spent in this place.
 B = Non-inter-level travel time spent in this place.
 C = Inter-level travel time spent in this place.
 D = Time resting spent in this place.
 E = Time spent auto-exploring this place.
 F = Levels seen in this place.
 G = Mean time per level.
                   A        B        C        D        E       F      G
               +--------+--------+--------+--------+--------+-----+--------+
         Total |   5638 |   5505 |    133 |    465 |   3893 |   8 |  704.8 |
       Dungeon |   5439 |   5306 |    133 |    465 |   3763 |   7 |  777.0 |
         Sewer |    199 |    199 |      0 |      0 |    129 |   1 |  199.0 |
               +--------+--------+--------+--------+--------+-----+--------+

Top non-repeatable levels by time:
     D:4: 940 daAuts
     D:3: 929 daAuts
     D:1: 826 daAuts
     D:7: 777 daAuts
     D:5: 726 daAuts
     D:2: 666 daAuts
     D:6: 572 daAuts
   Sewer: 199 daAuts
